Zazza, neutral female human Tourist ----- ..... |...| # |...| #....| --------- ###|...| --------- |.[[.[.[| # ---.- ##........-##### |.[[.[.[| ### # # # |.......| m |$[[[...| # # #### |.......| #@-f))[[[.| ### # ## --------- |.@[.[[[| # ### ## --------- #### # ## ## `####### ------- ### -----+-----## |.....| # # |.........|############ |.(....###### ..........|# # -----|- |.....| # |.........-# ###|...<.| ------- ##########-......[..| #.....{| ----------- ------- Zazza the Rambler Experience level: 1 Strength: 13 Dexterity: 12 Constitution: 16 Intelligence: 11 Wisdom: 8 Charisma: 18 Health: 0(12) Energy: 2(2) Def: 1 Gold: 0 Moves: 1656 Dungeon seed: ej4SfN7XDnF5TZ3C Game ID: Zazza_1599064524 Your Inventory: Weapons a - 27 +2 darts (in quiver) r - 7 +0 elven arrows Armor e - an uncursed +0 Hawaiian shirt (being worn) y - a blessed +0 helmet (being worn) A - an uncursed +0 pair of leather gloves (being worn) C - an uncursed +0 cloak of invisibility D - an uncursed +0 pair of speed boots E - a cursed -1 pair of fumble boots F - an uncursed +0 cloak of displacement G - an uncursed +0 pair of speed boots H - a cursed -2 oilskin cloak (being worn) I - an uncursed +0 elven mithril-coat N - a cursed -1 pair of levitation boots Y - an uncursed +0 pair of speed boots Comestibles b - an uncursed tripe ration c - 6 uncursed food rations d - an uncursed slime mold f - an uncursed banana g - 2 uncursed eggs Scrolls l - 2 uncursed scrolls of magic mapping p - an uncursed scroll of create monster v - an uncursed scroll of identify Potions j - a blessed potion of extra healing k - an uncursed potion of extra healing s - an uncursed potion of booze t - a blessed potion of monster detection Wands o - a wand of fire (0:3) u - a wand of magic missile (0:3) Tools m - an expensive camera (0:78) n - an uncursed credit card w - an uncursed large box Gems q - 2 uncursed worthless pieces of red glass z - an uncursed worthless piece of white glass Spells and supernatural/magical abilities: Name Level Category Fail Memory W - pray for help -- divine ? -- Your skills at the end: Fighting Skills Weapon Skills dart [Basic] Spellcasting Skills Final Attributes: You were nominally aligned. You were lucky. You are dead. Vanquished creatures: 2 coyotes a green mold a gecko 4 jackals 2 foxes a sewer rat 4 grid bugs 3 kobold zombies 3 newts 21 creatures vanquished. Voluntary challenges: You never hit with a wielded weapon. You read items or engraved 8 times, starting on turn 379. You never genocided any monsters. You never polymorphed an object. You never changed form. You used no wishes. You never split a pudding. You wrote Elbereth's name 4 times, starting on turn 379. You never violated your personal moral code. Dungeon overview: The Dungeons of Doom: levels 1 to 4 Level 1 a long staircase Level 2 a fountain a long staircase Level 3 an armor shop, a fountain, a sink Level 4 <- You were here an armor shop, a fountain History has recorded: On T:1 you entered the Dungeons of Doom to retrieve the Amulet of Yendor! On T:295 you reached level 2 of The Dungeons of Doom. On T:732 you reached level 3 of The Dungeons of Doom. On T:761 you reached level 4 of The Dungeons of Doom. Score breakdown: Gold: 0 ( 0 points) Experience: 1 level ( 0 points) Exploration: 4 levels ( 8.33%) ( 7579 points) Discoveries: 7 items ( 2.35%) ( 4597 points) Valuables value: (no points given unless you survive) Artifact value: 0 ( 0 points) Variety of kills: 9 monsters ( 2.36%) ( 4610 points) Turncount: 1656 turns ( 0 points) Survival: died (score multiplied by 80%) Total score: 13428 Latest messages: You are now wearing a helmet. You start equipping your tattered cape. You are now wearing a tattered cape. Suddenly you cannot see yourself. You start equipping your opera cloak. You take off your cloak of invisibility. Suddenly you can see yourself. You are now wearing an opera cloak. You start equipping your oilskin cloak. You take off your cloak of displacement. You are now wearing an oilskin cloak. Oops! That feels deathly cold. The oilskin cloak fits very tightly. You see here a splint mail (71 zorkmids). You see here a leather armor (4 zorkmids). (2x) You see here a plate mail (560 zorkmids). You see here a studded leather armor (22 zorkmids). There are a few objects here. You see here a flail (4 zorkmids). "Aloha, Zazza! Welcome again to Siirt's used armor dealership!" The small mimic hits! You die... Final status: Aloha Zazza the Tourist, killed by a small mimic... You died in The Dungeons of Doom on dungeon level 4 with 13428 points, and 0 pieces of gold, after 1656 moves. You were level 1 with a maximum of 12 hit points when you died.